 Dungeon Crawl Stone Soup version 0.26.1-2-gb8aa6d0cf2 (webtiles) character file.

Game seed: 14300316498734872292

1878 Tsundere the Cudgeller (level 9, -10/75 HPs)
             Began as a Hill Orc Fighter on Mar 9, 2021.
             Was an Initiate of Fedhas.
             Mangled by an orc warrior
             ... wielding a +0 trident
              (13 damage)
             ... on level 7 of the Dungeon.
             The game lasted 00:22:35 (6135 turns).

Tsundere the Cudgeller (Hill Orc Fighter)           Turns: 6135, Time: 00:22:36

Health: -10/75     AC: 11    Str: 22    XL:     9   Next: 14%
Magic:  9/9        EV:  7    Int:  8    God:    Fedhas [......]
Gold:   416        SH: 10    Dex: 10    Spells: 8/8 levels left

rFire    + . .     SeeInvis +   u - +4 flail (drain)
rCold    . . .     Faith    .   c - +0 kite shield
rNeg     + . .     Spirit   .   p - +0 chain mail {rN+}
rPois    .         Reflect  .   (no helmet)
rElec    .         Harm     .   (no cloak)
rCorr    .         Rampage  .   n - +0 pair of gloves
Will     .....                  (no boots)
Stlth    ..........             (no amulet)
HPRegen  0.22/turn              e - ring of protection from fire
MPRegen  0.11/turn              o - ring of see invisible

@: lethally poisoned (-10 -> -36)
A: no striking features
a: Renounce Religion


You were on level 7 of the Dungeon.
You worshipped Fedhas.
Fedhas was noncommittal.
You visited 1 branch of the dungeon, and saw 7 of its levels.

You collected 416 gold pieces.

Inventory:

Hand Weapons
 u - a +4 flail of draining (weapon)
Armour
 c - a +0 kite shield (worn)
 f - a +0 chain mail
 n - a +0 pair of gloves (worn)
 p - a +0 chain mail of positive energy (worn)
 y - +0 acid dragon scales
Jewellery
 e - a ring of protection from fire (left hand)
 m - an uncursed ring of ice
 o - a ring of see invisible (right hand)
 r - an uncursed ring of resist corrosion
Wands
 a - a wand of iceblast (11)
 q - a wand of flame (7) (quivered)
 z - a wand of polymorph (6)
Scrolls
 b - a scroll of fog {unknown}
 g - 2 scrolls of teleportation
 t - 6 scrolls of remove curse
 v - 2 scrolls of enchant armour
 w - a scroll of blinking {unknown}
 x - a scroll of fear {unknown}
Potions
 d - 3 potions of might
 h - a potion of ambrosia {unknown}
 i - a potion of curing
 j - 3 potions of lignification
 l - 2 potions of resistance
 s - 4 potions of flight


   Skills:
 + Level 6.3 Fighting
 + Level 7.9 Maces & Flails
 + Level 6.4 Armour
 + Level 1.7 Dodging
 + Level 1.1 Stealth
 + Level 6.9 Shields
 + Level 0.7 Evocations


You had 8 spell levels left.
You didn't know any spells.
Your spell library was empty.

Dungeon Overview and Level Annotations

Branches:
Dungeon (7/15)             Temple (0/1) D:6

Altars:
Fedhas
Gozag
Qazlal
Trog

Shops:
D:7 =


Message History

You are too injured to fight recklessly!
You are too injured to fight recklessly!
You are too injured to fight recklessly!
You are too injured to fight recklessly!
You are too injured to fight recklessly!
You are too injured to fight recklessly!
You are too injured to fight recklessly!
You are too injured to fight recklessly!
* * * LOW HITPOINT WARNING * * *
You feel sick. You block the killer bee's attack.
You block the orc warrior's attack. The killer bee stings you!
* * * LOW HITPOINT WARNING * * *
You are more poisoned.
The killer bee poisons you!
* * * LOW HITPOINT WARNING * * *
You feel very sick. You block the killer bee's attack.
The orc warrior hits you from afar with a +0 trident!
You die...
Fedhas appreciates your contribution to the ecosystem. ..# ..# ...# ..###### +###..# .......##+##..##..# .......#..... #...# .......#.... +..Y# .......#..# ooZ#

+###'###..######oy#
#.......##..##@o#
#............#..#
#............#..#
####+###..##..##..#
.(.....#####..##..#
.....(.#..........#
.......#<.........#
((()...#..######..#
###....### #..#


You could see an orc warrior, a sky beast (invisible), a killer bee, an orc
wizard, 2 orcs and a bullfrog skeleton.

Vanquished Creatures
  Maggie (D:6)
  Sigmund (D:6)
  Purgy (D:3)
  2 sky beasts
  2 ogres
  2 centaurs (D:7)
  A scorpion (D:4)
  3 killer bees (D:7)
  A howler monkey (D:6)
  2 jellies
  2 bullfrog zombies
  2 centaur zombies (D:6)
  3 orc priests
  A hound (D:6)
  2 orc wizards
  A worker ant zombie (D:5)
  4 gnolls (D:3)
  8 adders
  A white imp (D:5)
  An ooze (D:1)
  2 adder skeletons
  3 dart slugs
  6 leopard geckos
  7 orcs
  3 giant cockroaches (D:5)
  8 goblins
  12 hobgoblins
  3 jackals (D:7)
  A quokka (D:5)
  6 bats
  5 frilled lizards
  A jackal skeleton (D:5)
  6 kobolds
  A leopard gecko skeleton (D:5)
  6 rats
111 creatures vanquished.

Vanquished Creatures (others)
  A kobold (D:3)
  9 plants (D:3)
10 creatures vanquished.

Grand Total: 121 creatures vanquished

Notes
Turn   | Place    | Note
-------+----------+-------------------------------------------
     0 | D:1      | Tsundere the Hill Orc Fighter began the quest for the Orb.
     0 | D:1      | Reached XP level 1. HP: 19/19 MP: 1/1
   298 | D:1      | Reached XP level 2. HP: 27/27 MP: 2/2
   727 | D:1      | Reached XP level 3. HP: 32/33 MP: 3/3
  1604 | D:3      | Reached XP level 4. HP: 31/40 MP: 4/4
  1993 | D:3      | Noticed a water elemental
  1994 | D:3      | Found a stormy altar of Qazlal.
  1999 | D:3      | Noticed an earth elemental
  2005 | D:3      | Noticed a fire elemental
  2005 | D:3      | Noticed an air elemental
  2012 | D:3      | Became a worshipper of Qazlal Stormbringer
  2414 | D:3      | Noticed Purgy
  2429 | D:3      | Killed Purgy
  2430 | D:3      | Reached skill level 3 in Maces & Flails
  2430 | D:3      | Reached XP level 5. HP: 26/47 MP: 5/5
  2923 | D:4      | Reached skill level 5 in Shields
  2923 | D:4      | Reached XP level 6. HP: 44/53 MP: 6/6
  3159 | D:4      | HP: 2/53 [orc priest/divine providence (11)]
  3164 | D:4      | HP: 1/53 [orc (2)]
  3512 | D:4      | You fall into a shaft and drop 1 floor!
  3512 | D:5      | Entered Level 5 of the Dungeon
  3512 | D:5      | Found a bloodstained altar of Trog.
  3516 | D:5      | Reached * piety under Qazlal
  3622 | D:5      | Reached skill level 4 in Maces & Flails
  3631 | D:5      | Reached skill level 5 in Armour
  3667 | D:5      | Reached skill level 5 in Fighting
  3667 | D:5      | Reached XP level 7. HP: 57/61 MP: 7/7
  4184 | D:5      | Reached skill level 5 in Maces & Flails
  4411 | D:6      | Noticed Maggie
  4428 | D:6      | Killed Maggie
  4429 | D:6      | Reached skill level 6 in Maces & Flails
  4429 | D:6      | Reached XP level 8. HP: 57/70 MP: 8/8
  4527 | D:6      | Reached skill level 1 in Dodging
  4552 | D:6      | Noticed Sigmund
  4576 | D:6      | Killed Sigmund
  4577 | D:6      | Reached skill level 7 in Maces & Flails
  4710 | D:6      | Found a blossoming altar of Fedhas.
  4821 | D:6      | Reached skill level 1 in Stealth
  5475 | D:6      | Found a staircase to the Ecumenical Temple.
  5502 | D:6      | Found an opulent altar of Gozag.
  5902 | D:7      | Found Ditisurr's Jewellery Shoppe.
  5956 | D:7      | Reached XP level 9. HP: 68/75 MP: 9/9
  6038 | D:6      | Fell from the grace of Qazlal
  6044 | D:6      | Became a worshipper of Fedhas Madash
  6135 | D:7      | HP: 3/75 [poisoned by a killer bee]
  6135 | D:7      | Mangled by an orc warrior

Illustrated notes

Levels and vault maps discovered:
D:1:      dpeg_arrival_simpleton_a, layout_basic
D:2:      layout_rooms
D:3:      layout_loops_cross, nicolae_qazlal_style_of_elements,
          guppyfry_early_lair_pool, uniq_purgy
D:4:      layout_basic, lemuel_statue_altar
D:5:      layout_basic, trog_hazing_becter
D:6:      layout_layer_cave, temple_green, basic_altar, fedhas_altar_2,
          uniq_sigmund, uniq_maggie
D:7:      layout_gridville, serial_shops, nicolae_shop_waterfront,
          kennysheep_generic_room_11, uniq_prince_ribbit1

Skill      XL: |  1  2  3  4  5  6  7  8 |
---------------+-------------------------+-----
Fighting       | 4 5 6 |  6.3
Shields        | 4 5 6 |  6.9
Maces & Flails | 3 4 6 7 |  7.9
Armour         | 4 5 6 |  6.4
Dodging        | 1 |  1.7
Stealth        | 1 |  1.1
Evocations     | |  0.7

Action                   |  1- 3 |  4- 6 |  7- 9 || total
-------------------------+-------+-------+-------++-------
Melee: Flail             |   103 |   150 |   177 ||   430
Invok: Renounce Religion |       |       |     1 ||     1
Evoke: Wand              |       |     5 |     2 ||     7
  Use: Scroll            |       |       |    11 ||    11
Armor: Chain mail        |    53 |    79 |    75 ||   207
       Scale mail        |     2 |       |       ||     2
Dodge: Dodged            |    19 |    41 |    40 ||   100
Block: Kite shield       |    70 |    90 |   108 ||   268
